 Dungeon Crawl Stone Soup version 0.30-a0-808-g6e0788376e (webtiles) character file.

Game seed: 5535684378587295583

484314 Zenkrye the Slayer (level 25, -9/215 (223) HPs)
             Began as a Human Cinder Acolyte on Feb 21, 2023.
             Was a High Priest of Ignis.
             Killed from afar by a storm dragon (11 damage)
             ... with a bolt of lightning
             ... on level 5 of the Realm of Zot on Feb 25, 2023.
             The game lasted 03:45:11 (56714 turns).

Zenkrye the Slayer (Human Cinder Acolyte)          Turns: 56714, Time: 03:45:11

HP:   -9/215 (223)  AC:  9    Str: 22 (24) XL:     25   Next: 83%
MP:   33/33         EV: 17    Int: 13 (15) God:    Ignis [*****.]
Gold: 1248          SH:  0    Dex:  8 (9)  Spells: 30/44 levels left

rFire   + + +      SeeInvis .    (weapon currently unavailable)
rCold   + + .      Faith    .    (shield currently unavailable)
rNeg    + + +      Spirit   .    (body armour currently unavailable)
rPois   ∞          Reflect  .    (helmet currently unavailable)
rElec   +          Harm     .    (cloak currently unavailable)
rCorr   +          Rampage  .    (gloves currently unavailable)
Will    +....                    (boots currently unavailable)
Stlth   +                        (amulet currently unavailable)
HPRegen 0.55/turn                (ring currently unavailable)
MPRegen 0.23/turn                (ring currently unavailable)

@: about to teleport, wisp-form, silenced, marked, corroded, flying, hasted,
lightly drained, very quick
A: insubstantial, flying, no casting, tiny, thin skeletal structure 1, clumsy 2,
low MP 1, sense surroundings 1
}: 3/15 runes: decaying, abyssal, gossamer
a: Renounce Religion


You were on level 5 of the Realm of Zot.
You worshipped Ignis.
Ignis was extremely pleased with you.
You were an insubstantial wisp.
You visited 8 branches of the dungeon, and saw 43 of its levels.
You visited the Abyss 2 times.
You also visited: Sewer and Gauntlet.

You collected 7063 gold pieces.
You spent 5815 gold pieces at shops.

Inventory:

Hand Weapons
 g - a +3 vampiric demon trident
 v - a +7 demon trident of flaming (melded)
Missiles
 b - 5 throwing nets {!f}
 e - 8 curare-tipped darts
 m - 8 boomerangs (quivered)
 s - 9 silver javelins
 H - 3 silver boomerangs
 U - 14 javelins
Armour
 i - the +8 orange crystal plate armour (melded) {Archmagi, Int+3 Clar}
   (You bought it in a shop on level 1 of the Dungeon)

   Int:       It affects your intelligence (+3).
   Clar:      It protects you against confusion.
 j - the +5 Storm Queen's Shield (melded) {shock, Fly rElec}
   (You acquired it on level 2 of the Dungeon)

   Shock:     When it blocks an attack, it may electrocute the attacker.
   This works even against foes who are a short distance away.
   rElec:     It insulates you from electricity.
   Fly:       It grants you flight.
 x - a +2 cloak of preservation (melded)
 D - a +5 kite shield of reflection
 L - the +1 pair of boots of the Wilderness (melded) {rC+}
   (You found it on level 4 of the Spider Nest)

   rC:        It protects you from cold.
 V - the +3 pair of gloves of the Fifty Curses (melded) {Drain rF+ rN+ Dex+3}
   (You found it in a Gauntlet)

   Dex:       It affects your dexterity (+3).
   rF:        It protects you from fire.
   rN:        It protects you from negative energy.
   Drain:     It drains your maximum health when unequipped.
 X - the +3 crown of Dyrovepreva (melded) {rElec Int+2 SInv}
   (You bought it in a shop on level 1 of the Dungeon)

   Int:       It affects your intelligence (+2).
   rElec:     It insulates you from electricity.
   SInv:      It lets you see invisible.
Jewellery
 a - a ring of willpower
 c - a ring of protection from cold
 h - the ring "Yherch" {rF+ rN+ rCorr Int-5}
   (You found it on level 3 of the Depths)

   [ring of resist corrosion]

   Int:       It affects your intelligence (-5).
   rF:        It protects you from fire.
   rN:        It protects you from negative energy.
   rCorr:     It protects you from acid and corrosion.
 o - a ring of poison resistance (melded)
 t - a +6 ring of intelligence (melded)
 P - the amulet of Zeugh (melded) {Regen+ Slay+3}
   (You took it off a fire giant on level 3 of the Depths)

   [amulet of regeneration]

   Slay:      It affects your accuracy & damage with ranged weapons and melee
   (+3).
   Regen:     It increases your rate of health regeneration.
 Q - an amulet of reflection
Wands
 B - a wand of charming (12)
 E - a wand of mindburst (39)
 G - a wand of roots (55)
 O - a wand of polymorph (2)
 R - a wand of acid (33) {@v2}
 Z - a wand of flame (63)
Scrolls
 l - 2 scrolls of butterflies
 p - 10 scrolls of amnesia
 r - 9 scrolls of poison
 y - 3 scrolls of fear
 A - 6 scrolls of magic mapping
 F - 7 scrolls of teleportation {@r3}
 J - 3 scrolls of fog
 K - 4 scrolls of immolation
Potions
 d - a potion of haste {@q3}
 k - a potion of flight
 q - 20 potions of curing {@q1}
 u - 5 potions of invisibility
 w - 5 potions of brilliance
 C - a potion of cancellation
 I - 4 potions of resistance {@q6}
 M - 5 potions of magic
 S - 8 potions of ambrosia
 Y - 9 potions of mutation
Miscellaneous
 n - a tin of tremorstones (1/2)
 W - a phial of floods (inert)


   Skills:
 + Level 23.9 Fighting
 - Level 14.0 Polearms
 - Level 15.0 Armour
 + Level 18.0 Shields
 - Level 10.0 Spellcasting
 + Level 14.6 Conjurations
 + Level 5.7 Translocations
 + Level 14.7 Fire Magic
 - Level 12.0 Evocations


You had 30 spell levels left.
You knew the following spells:

 Your Spells              Type           Power      Damage    Failure   Level
a - Scorch                Fire           88%        2d9       1%          2
b - Foxfire               Conj/Fire      100%       2x1d9     1%          1
c - Flame Wave            Conj/Fire      44%        2d11      1%          4
d - Blink                 Tloc           42%        N/A       1%          2
e - Fireball              Conj/Fire      22%        3d10      1%          5

Your spell library contained the following spells:

 Spells                   Type           Power      Damage    Failure   Level
 Shock                    Conj/Air       100%       1d9       1%          1
 Lesser Beckoning         Tloc           42%        N/A       1%          2
 Dazzling Flash           Conj/Hex       50%        N/A       1%          3
 Stone Arrow              Conj/Erth      50%        3d10      1%          3
 Iskenderun's Mystic Bla  Conj/Tloc      32%        2d8       1%          4
 Iskenderun's Battlesphe  Conj           44%        2d10      1%          5
 Gell's Gravitas          Tloc           21%        N/A       3%          3
 Teleport Other           Tloc           21%        N/A       3%          3
 Starburst                Conj/Fire      22%        6d7       4%          6
 Sandblast                Erth           12%        2d6       11%         1
 Slow                     Hex            24%        N/A       11%         1
 Portal Projectile        Hex/Tloc       26%        N/A       11%         3
 Manifold Assault         Tloc           21%        N/A       11%         4
 Irradiate                Conj/Tmut      12%        3d15      16%         5
 Ensorcelled Hibernation  Hex/Ice        12%        N/A       17%         2
 Passwall                 Tmut/Erth      5%         N/A       17%         2
 Confusing Touch          Hex            6%         N/A       32%         3
 Frozen Ramparts          Ice            12%        1d2       32%         3
 Ozocubu's Armour         Ice            6%         N/A       32%         3
 Spider Form              Tmut/Pois      6%         N/A       32%         3
 Swiftness                Air            6%         N/A       32%         3
 Tukima's Dance           Hex            6%         N/A       32%         3
 Vampiric Draining        Necr           6%         2d6       32%         3
 Iron Shot                Conj/Erth      12%        9d3       63%         6
 Airstrike                Air            3%         2d(1-17)  73%         4
 Anguish                  Hex/Necr       3%         N/A       73%         4
 Animate Dead             Necr           6%         N/A       73%         4
 Ice Form                 Ice/Tmut       6%         N/A       73%         4
 Summon Ice Beast         Ice/Summ       6%         N/A       73%         4
 Dispersal                Tloc           10%        N/A       86%         6
 Blade Hands              Tmut           3%         N/A       97%         5
 Spellforged Servitor     Conj/Summ      12%        N/A       99%         7
 Summon Cactus Giant      Summ           3%         N/A       100%        6
 Dragon Form              Tmut           3%         N/A       100%        7
 Haunt                    Necr/Summ      3%         N/A       100%        7
 Ozocubu's Refrigeration  Ice            3%         4d8       100%        7
 Storm Form               Tmut/Air       3%         N/A       100%        7
 Borgnjor's Revivificati  Necr           3%         N/A       100%        8
 Disjunction              Tloc           10%        N/A       100%        8
 Infestation              Necr           3%         N/A       100%        8
 Necromutation            Tmut/Necr      3%         N/A       100%        8
 Death's Door             Necr           3%         N/A       100%        9


Dungeon Overview and Level Annotations

Branches:
Dungeon (15/15)            Temple (0/1) D:6            Lair (5/5) D:9
  Swamp (4/4) Lair:2       Spider (4/4) Lair:2        Slime (0/5) Lair:4
    Orc (2/2) D:9             Elf (0/3) Orc:2        Vaults (4/5) D:13
  Crypt (0/3) Vaults:2     Depths (4/4) D:15            Zot (5/5) Depths:4
  Sewer (visited)         Gauntlet (visited)

Altars:
Ashenzari
Dithmenos
Elyvilon
Kikubaaqudgha
Nemelex Xobeh
Okawaru
Vehumet
Xom
Zin
The Shining One

Shops:
D:1 !*[*   D:12 *   Orc:2 :[*(   Vaults:1 [

Portals:
Hell: Depths:1 Depths:2 Depths:3 Depths:4
Abyss: Zot:1 Depths:3
Pandemonium: Depths:2
Ziggurat: Depths:3

Annotations:
D:5 Edmund
D:13 1 runed translucent door, exclusion: ice statue, purpskrrrp1's ghost, journeyman DEHu
Lair:2 3 runed translucent doors, exclusion: ice statue, necrobotica's ghost, journeyman MiFi
Swamp:3 1 runed translucent door, domi's ghost, adept DsCj
Spider:1 Frances
Orc:2 1 runed translucent door, asti's ghost, journeyman MiBe
Vaults:3 Mennas
Depths:3 3 runed translucent doors
Zot:1 2 transporters, STHMFLV's ghost, veteran DsCj


Innate Abilities, Weirdness & Mutations

You are an insubstantial wisp.
Your tiny insubstantial body is highly resistant to most damage types.
You are flying.
Your equipment is entirely melded.
You are incapable of wielding weapons or throwing items.
You cannot cast spells.
You have a somewhat thin skeletal structure. (Dex +2, Stealth+)
You are very clumsy. (Dex -4)
Your magical capacity is low. (-10% MP)
You passively map a small area around you.


Message History

You hear a shout! x4; You hear a roar! x5
As you read the scroll of teleportation {@r3}, it crumbles to dust.
You feel strangely unstable.
You feel the Orb delaying your translocation!
The Killer Klown blinks!
As you read the scroll of fog, it crumbles to dust.
The scroll dissolves into smoke.
You feel better. Something misses your butterfly.
You block the Orb Guardian's attack.
The Killer Klown skips for a moment.
The yellow draconian hits your butterfly with a +0 lajatang!!
Your butterfly dies!
Your butterfly disappears in a burst of colours!
The Killer Klown pies you viciously! The klown pie hits you.
Blueberry!
An unnatural silence engulfs you.
* * * LOW HITPOINT WARNING * * *
You block the Orb Guardian's attack.
Really fly onto that alarm trap?
You set off the alarm!
The alarm trap vibrates slightly, failing to make a sound.
A sentinel's mark forms upon you. The Killer Klown pies you viciously!
The klown pie hits you!!
Moon pie!
You turn into an insubstantial wisp.
Your +7 demon trident of flaming melds into your body.
Your +2 cloak of preservation melds into your body.
The +3 crown of Dyrovepreva {rElec Int+2 SInv} melds into your body.
The +3 pair of gloves of the Fifty Curses {Drain rF+ rN+ Dex+3} melds into your body.
The +1 pair of boots of the Wilderness {rC+} melds into your body.
The +5 Storm Queen's Shield {shock, Fly rElec} melds into your body.
The +8 orange crystal plate armour {Archmagi, Int+3 Clar} melds into your body.
Your ring of poison resistance melds into your body.
Your +6 ring of intelligence melds into your body.
The amulet of Zeugh {Regen+ Slay+3} melds into your body.
Your +7 demon trident of flaming stops flaming.
You float gracefully downwards.
You feel strangely numb.
You feel stupid.
* * * LOW HITPOINT WARNING * * *
The storm dragon breathes lightning at you.
The bolt of lightning hits you! You resist.
You die...

.b..p^............# ##..........
.bb.qb..b.........# #.......^..
zp.bbb§^b.........# ##..........
.X...b...b.q§§§§..# #...........
bbX.yb.b.§^§§§§§§.# ##...........
....b.....b§D§§p§.###......^.....
.....).§.§b.§§pX§###...##########
^.........b.^...##....##
#.d........d....v...###
▓▓....^##▓▓▓▓▓▓▓▓▓▓▓# ▓^....y....
, , ** ...^......? ,
.^.........^,, , ..........., , ,
* * .....^^.... ,, , ...........
, ,, , , ,


You could see 2 Killer Klowns, a storm dragon (catching breath), a yellow
draconian and an Orb Guardian.

Vanquished Creatures
  An ancient lich (Zot:5)
  A juggernaut (Abyss:4)
  A Killer Klown (Zot:4)
  Boris (Vaults:4)
  Bai Suzhen (Vaults:2)
  A curse toe (Zot:4)
  5 golden dragons
  A bone dragon (Abyss:3)
  4 electric golems
  12 tentacled monstrosities
  Jorgrun (D:13)
  2 walking crystal tomes
  3 liches
  Asterion (Spider:4)
  5 quicksilver dragons
  9 Orb Guardians (Zot:5)
  A titan (Depths:3)
  2 walking frostbound tomes (Depths:3)
  7 death cobs
  An Executioner (Abyss:4)
  4 sphinxes
  A thorn hunter (Swamp:1)
  3 tengu reavers
  2 tentacled starspawn (Abyss:4)
  5 shadow dragons
  6 draconian monks
  A revenant (Abyss:1)
  Donald (Swamp:1)
  8 storm dragons
  4 draconian knights
  4 fire giants
  6 frost giants
  A fenstrider witch (Swamp:1)
  A draconian scorcher (Zot:4)
  Aizul (Vaults:3)
  10 vault wardens
  5 emperor scorpions
  2 iron dragons (Depths:2)
  8 ghost moths
  A ghoul (Abyss:2)
  3 draconian stormcallers
  An angel (Abyss:4)
  A draconian shifter (Zot:5)
  12 stone giants
  A war gargoyle (Vaults:2)
  3 orc warlords
  3 draconian annihilators
  14 ironbound preservers
  3 broodmothers
  2 ophanim (Abyss:4)
  7 very ugly things
  5 green draconians
  A white draconian (Zot:4)
  A deep elf demonologist (Vaults:3)
  11 red draconians
  4 eleionomae
  7 ironbound thunderhulks
  7 yellow draconians
  7 black draconians
  4 dire elephants (Vaults:3)
  9 purple draconians
  7 spark wasps
  A minotaur (Gauntlet)
  2 bunyips
  26 starcursed masses
  Josephine (D:11)
  2 shambling mangroves (Swamp:4)
  8 fire dragons
  3 jiangshi
  12 yaktaur captains
  5 ettins
  A deep elf high priest (Vaults:3)
  7 entropy weavers
  4 great orbs of eyes
  Harold (D:10)
  6 ice dragons
  2 rakshasas
  10 vault guards
  18 hydras
  An ogre mage (D:15)
  10 ironbound frosthearts
  5 boulder beetles
  Erica (D:9)
  2 spriggan air magi
  3 catoblepae
  2 ghost crabs
  3 dancing weapons (Abyss:4)
  7 alligators
  10 centaur warriors
  10 deep troll shamans
  3 radroaches
  8 two-headed ogres
  9 tengu warriors
  3 death yaks
  Urug (D:12)
  A naga warrior (Abyss:4)
  5 vampire magi
  An orc high priest (Orc:2)
  3 hell hogs (Abyss:3)
  9 deep troll earth magi
  4 spriggan berserkers (Depths:1)
  7 thrashing horrors
  2 sun demons
  11 hell knights
  2 skysharks
  3 spriggans
  4 sun moths (Spider:1)
  2 cherubim (Abyss:4)
  13 iron trolls
  3 wretched stars
  5 goliath frogs
  2 sixfirhies
  A death drake (Swamp:3)
  73 deep trolls
  3 pharaoh ants
  14 orb spiders
  14 ironbound convokers
  12 swamp dragons
  A flayed ghost (Abyss:3)
  9 wizards
  3 glowing orange brains
  50 ugly things
  A necromancer (Depths:1)
  13 lindwurms
  4 steelbarb worms
  22 large abominations
  4 harpies (Vaults:1)
  7 orc knights
  A stone giant zombie (Abyss:1)
  6 will-o-the-wisps
  3 cyclopes
  5 orc sorcerers
  2 worldbinders
  26 wolf spiders
  17 moths of wrath
  3 manticores
  11 elephants
  A guardian serpent (Abyss:4)
  14 vault sentinels
  2 apocalypse crabs (Abyss:1)
  7 demonic crawlers
  4 black mambas
  2 naga magi (Vaults:4)
  2 gargoyles
  12 cane toads
  A cane toad (shapeshifter) (Vaults:4)
  5 smoke demons
  2 orange demons (Depths:2)
  Psyche (D:11)
  36 yaktaurs
  An unseen horror (Depths:3)
  7 torpor snails
  A kobold demonologist (D:9)
  9 rime drakes
  10 komodo dragons
  A tormentor (Depths:2)
  A freezing wraith (D:15)
  3 efreet
  2 ice devils (Depths:2)
  9 tengu conjurers
  4 ancient zymes
  12 polar bears
  A red devil (Depths:2)
  6 meliai
  3 queen bees
  3 trolls
  A hellwing (Depths:2)
  5 hornets
  20 raiju
  A wind drake (shapeshifter) (D:14)
  An ettin zombie (Abyss:1)
  15 tyrant leeches
  38 tarantellas
  15 blink frogs
  41 jumping spiders
  24 slime creatures
  A flying skull (Abyss:1)
  A dire elephant simulacrum (Abyss:1)
  6 shadows
  41 yaks
  5 ynoxinuls
  16 wyverns
  29 culicivoras
  A hog (shapeshifter) (Depths:3)
  16 humans (D:13)
  9 wraiths
  2 water elementals (D:13)
  15 small abominations
  5 golden eyes (Abyss:1)
  16 vampire mosquitoes
  5 chaos spawn
  16 basilisks
  61 redbacks
  11 swamp worms
  7 neqoxecs
  4 steam dragons
  4 acid dragons
  11 wargs
  A naga (Abyss:4)
  16 water moccasins
  17 hell hounds (Lair:5)
  14 black bears
  36 orc warriors
  9 swamp drakes
  7 ogres
  10 ice beasts (Lair:2)
  4 boggarts (Abyss:2)
  65 wolves
  9 centaurs
  A phantom (D:5)
  A necrophage (D:8)
  8 kobold brigands
  5 gnoll sergeants
  8 bullfrogs
  2 scorpions
  A wight (Abyss:1)
  39 killer bees
  2 electric eels
  3 howler monkeys
  A quasit (Abyss:1)
  6 jellies
  27 orc priests
  3 gnoll boudas
  5 hounds
  An iron imp (Abyss:3)
  37 orc wizards
  8 iguanas
  8 hell rats
  5 adders
  30 gnolls
  A shadow imp (D:5)
  6 white imps
  3 ufetubi
  A dart slug (D:1)
  92 orcs
  9 bats
  7 endoplasms
  6 giant cockroaches
  A goblin (D:1)
  6 hobgoblins
  6 jackals
  7 quokkas
  13 ball pythons
  6 frilled lizards
  23 kobolds
  8 rats
  A briar patch (Swamp:1)
  3 starspawn tentacles (Abyss:4)
2009 creatures vanquished.

Vanquished Creatures (others)
  Arachne (Spider:4)
  A draconian knight (Zot:1)
  A hydra (Swamp:3)
  A wolf spider (Spider:2)
  A moth of wrath (Zot:3)
  2 bloated husks
  A jumping spider (Spider:3)
  A swamp worm (Swamp:2)
  2 small abominations (Abyss:4)
  2 orcs (Orc:2)
  30 foxfires
  29 fungi
  A lurking horror (Abyss:3)
  69 plants
  6 starspawn tentacles (Abyss:4)
148 creatures vanquished.

Grand Total: 2157 creatures vanquished

Notes
Turn   | Place    | Note
-------+----------+-------------------------------------------
     0 | D:1      | Zenkrye the Human Cinder Acolyte began the quest for the
                  | Orb.
     0 | D:1      | Reached XP level 1. HP: 18/18 MP: 2/2
    85 | D:1      | Reached XP level 2. HP: 18/24 MP: 3/3
    90 | D:1      | Learned a level 2 spell: Scorch
   146 | D:1      | Found Zoumafedd's Assorted Antiques.
   230 | D:1      | Found Syats's General Store.
   312 | D:1      | Reached XP level 3. HP: 29/29 MP: 4/4
   538 | D:1      | Found Ziog's Armour Emporium.
   782 | D:1      | Found Duxzunum's Distillery.
  1083 | D:2      | Reached XP level 4. HP: 15/35 MP: 2/5
  1282 | D:2      | Reached skill level 5 in Polearms
  1407 | D:2      | Identified a scroll of acquirement
  1407 | D:2      | Acquired the +5 Storm Queen's Shield {shock, Fly rElec}
  1407 | D:2      | Found the +5 Storm Queen's Shield {shock, Fly rElec}
  1588 | D:3      | Reached skill level 1 in Shields
  1588 | D:3      | Reached XP level 5. HP: 41/41 MP: 6/6
  2221 | D:3      | Reached skill level 10 in Polearms
  2221 | D:3      | Reached XP level 6. HP: 47/47 MP: 7/7
  2260 | D:4      | Reached XP level 7. HP: 52/52 MP: 8/8
  2474 | D:4      | Found a glowing drain.
  2479 | Sewer    | Entered a sewer
  3168 | D:5      | Entered Level 5 of the Dungeon
  3188 | D:5      | Noticed a water moccasin
  3195 | D:5      | Reached XP level 8. HP: 51/60 MP: 9/9
  3298 | D:5      | Reached skill level 4 in Fighting
  3435 | D:5      | Found a broken altar of Ashenzari.
  3447 | D:5      | Noticed Edmund
  3511 | D:4      | Reached XP level 9. HP: 63/66 MP: 10/10
  3871 | D:6      | Found a white marble altar of Elyvilon.
  4321 | D:6      | Found a staircase to the Ecumenical Temple.
  4955 | D:7      | Found a sparkling altar of Nemelex Xobeh.
  5253 | D:8      | Reached skill level 5 in Fighting
  5345 | D:8      | Reached XP level 10. HP: 74/74 MP: 11/11
  5464 | D:8      | Reached skill level 1 in Armour
  5625 | D:8      | Reached skill level 10 in Shields
  6111 | D:9      | Reached skill level 6 in Fighting
  6142 | D:9      | Identified the +0 pair of gloves "Cirroan" {Rampage Drain
                  | rPois rN++}
  6192 | D:9      | Found a staircase to the Orcish Mines.
  6236 | D:9      | Reached XP level 11. HP: 77/81 MP: 12/12
  6434 | D:9      | Found a staircase to the Lair.
  6480 | D:9      | Noticed a sixfirhy
  6510 | D:9      | Noticed Erica
  6536 | D:9      | Killed Erica
  6925 | Lair:1   | Entered Level 1 of the Lair of Beasts
  7115 | Lair:1   | Found a glowing golden altar of the Shining One.
  7345 | Lair:1   | Reached skill level 7 in Fighting
  7840 | Lair:2   | Noticed a catoblepas
  7892 | D:10     | Entered Level 10 of the Dungeon
  8002 | D:10     | Reached XP level 12. HP: 77/91 MP: 13/13
  8065 | D:10     | Reached skill level 5 in Armour
  8092 | D:10     | Noticed a two-headed ogre
  8100 | D:10     | Killed a two-headed ogre
  8291 | D:10     | Noticed Harold
  8370 | D:10     | Noticed a two-headed ogre
  8387 | D:10     | Killed a two-headed ogre
  8496 | D:10     | Killed Harold
  8497 | D:10     | Reached skill level 1 in Evocations
  8745 | D:11     | Reached skill level 8 in Fighting
  9058 | D:11     | Noticed Josephine
  9092 | D:11     | Killed Josephine
  9148 | D:11     | Noticed Maurice
  9348 | D:11     | Noticed Psyche
  9955 | Lair:2   | Reached XP level 13. HP: 66/100 MP: 14/14
 10060 | Lair:2   | Reached skill level 9 in Fighting
 10249 | Lair:2   | Found a runed translucent gate.
 10249 | Lair:2   | Found a runed translucent gate.
 10249 | Lair:2   | Found a runed translucent gate.
 10260 | Lair:2   | Noticed necrobotica's ghost (journeyman MiFi)
 10335 | Lair:2   | Found a staircase to the Swamp.
 10588 | Lair:3   | Identified the +3 morningstar of Idadimid {flame, rPois
                  | Int+2 Stlth+}
 10718 | Lair:3   | Noticed a catoblepas
 10740 | Lair:3   | Killed a catoblepas
 11096 | Lair:3   | Noticed an eight-headed hydra
 11103 | Lair:3   | Killed an eight-headed hydra
 11149 | Lair:3   | Reached skill level 10 in Fighting
 12059 | Lair:4   | Found a staircase to the Slime Pits.
 12126 | Lair:4   | Found a gate leading to a gauntlet.
 12139 | Gauntlet | Entered a Gauntlet
 12139 | Gauntlet | Found a transporter.
 12139 | Gauntlet | Found a transporter.
 12139 | Gauntlet | Found a runed translucent gate.
 12140 | Gauntlet | Found a runed translucent gate.
 12151 | Gauntlet | Found a transporter.
 12155 | Gauntlet | Found a transporter.
 12163 | Gauntlet | Found a transporter.
 12167 | Gauntlet | Found a transporter.
 12171 | Gauntlet | Found a runed translucent door.
 12171 | Gauntlet | Found a runed translucent door.
 12175 | Gauntlet | Found a transporter.
 12194 | Gauntlet | Found a transporter.
 12211 | Gauntlet | Found a transporter.
 12215 | Gauntlet | Found a transporter.
 12223 | Gauntlet | Found a transporter.
 12227 | Gauntlet | Found a transporter.
 12229 | Gauntlet | Found a runed translucent gate.
 12392 | Gauntlet | Identified the ring "Nyacverr" {Fire rCorr}
 12462 | Gauntlet | Identified the +2 chain mail "Jiyxkatz" {Str+4 SInv}
 12462 | Gauntlet | Noticed a minotaur
 12475 | Gauntlet | Killed a minotaur
 12476 | Gauntlet | Reached XP level 14. HP: 96/111 MP: 15/15
 12493 | Gauntlet | Identified the +3 pair of gloves of the Fifty Curses {Drain
                  | rF+ rN+ Dex+3}
 12493 | Gauntlet | Identified the +2 leather armour of Demonic Salvation
                  | {rCorr}
 13385 | D:1      | Bought the +3 crown of Dyrovepreva {rElec Int+2 SInv} for
                  | 455 gold pieces
 13385 | D:1      | Found the +3 crown of Dyrovepreva {rElec Int+2 SInv}
 13399 | D:1      | Bought a +2 pair of boots of flying for 236 gold pieces
 14155 | Lair:5   | Entered Level 5 of the Lair of Beasts
 14167 | Lair:5   | Reached skill level 11 in Fighting
 14668 | Lair:5   | Reached skill level 10 in Armour
 15084 | Lair:5   | Reached skill level 5 in Evocations
 15188 | Lair:5   | Reached XP level 15. HP: 115/120 MP: 16/16
 15431 | Lair:5   | Reached skill level 12 in Fighting
 16486 | Orc:1    | Entered Level 1 of the Orcish Mines
 16489 | Orc:1    | Noticed an orc warlord
 16536 | D:9      | Killed an orc warlord
 16617 | Orc:1    | Paralysed by an orc sorcerer for 2 turns
 16858 | Orc:2    | Entered Level 2 of the Orcish Mines
 17408 | Orc:2    | Found a runed translucent door.
 17408 | Orc:2    | Found a shimmering altar of Xom.
 17408 | Orc:2    | Noticed asti's ghost (journeyman MiBe)
 17622 | Orc:2    | Noticed an orc warlord
 17672 | Orc:1    | Killed an orc warlord
 18104 | Orc:2    | Found Saceschu's Antique Weapon Emporium.
 18128 | Orc:2    | Found Varunu's Antique Armour Emporium.
 18254 | Orc:2    | Found a staircase to the Elven Halls.
 18335 | Orc:2    | Found Kexy's Book Emporium.
 18350 | Orc:2    | Found Teno's General Store.
 18666 | Lair:2   | Found a hole to the Spider Nest.
 19317 | D:11     | Maurice changed into Maurice the wyvern
 19317 | D:11     | Noticed Maurice
 19320 | D:11     | Killed Maurice the wyvern
 19330 | D:11     | Killed Psyche
 19367 | D:12     | Found Ceuro's Assorted Antiques.
 19597 | D:12     | Reached skill level 15 in Shields
 19741 | D:12     | Noticed Urug
 19754 | D:12     | Reached XP level 16. HP: 119/129 MP: 17/17
 19758 | D:12     | Killed Urug
 19759 | D:12     | Reached skill level 13 in Fighting
 20074 | D:13     | Found a gate to the Vaults.
 20209 | D:13     | Found a runed translucent door.
 20210 | D:13     | Noticed purpskrrrp1's ghost (journeyman DEHu)
 20212 | D:13     | Identified the +2 spear of Duty {protect, rElec rC+}
 20443 | D:13     | Identified the amulet "Atoaryg" {Spirit rC+}
 20730 | D:14     | Noticed Jorgrun
 20813 | D:13     | Killed Jorgrun
 21739 | D:14     | Found a shimmering altar of Xom.
 21741 | D:14     | Found a burning altar of Makhleb.
 21741 | D:14     | Found a white marble altar of Elyvilon.
 21743 | D:14     | Found an ancient bone altar of Kikubaaqudgha.
 21743 | D:14     | Found an iron altar of Okawaru.
 21743 | D:14     | Found a white marble altar of Elyvilon.
 21898 | D:15     | Entered Level 15 of the Dungeon
 21984 | D:15     | Reached skill level 14 in Fighting
 22534 | D:15     | Found a staircase to the Depths.
 22870 | D:15     | Paralysed by an ogre mage for 2 turns
 23191 | D:15     | Reached XP level 17. HP: 132/140 MP: 18/18
 23326 | D:15     | Upgraded the game from 0.30-a0-800-g7c544603b3 to
                  | 0.30-a0-802-gb92711bcdf
 23521 | Swamp:1  | Entered Level 1 of the Swamp
 23749 | Swamp:1  | Noticed Donald
 23816 | Swamp:1  | Reached skill level 10 in Evocations
 23819 | Swamp:1  | Killed Donald
 23913 | Swamp:1  | You are sucked into a shaft and drop 1 floor!
 24240 | Swamp:1  | Noticed a thorn hunter
 24252 | Swamp:1  | Killed a thorn hunter
 24614 | Swamp:2  | Reached skill level 15 in Fighting
 25581 | Swamp:3  | Found a runed translucent door.
 25582 | Swamp:3  | Found a shimmering altar of Xom.
 25582 | Swamp:3  | Noticed domi's ghost (adept DsCj)
 25855 | Swamp:3  | Acquired 1091 gold pieces
 26288 | D:1      | Bought the +8 orange crystal plate armour {Archmagi, Int+3
                  | Clar} for 3468 gold pieces
 26288 | D:1      | Found the +8 orange crystal plate armour {Archmagi, Int+3
                  | Clar}
 26551 | Swamp:4  | Entered Level 4 of the Swamp
 26708 | Swamp:4  | Identified the +0 pair of gloves of Okawaru's Displeasure
                  | {Rampage rElec rCorr Stlth-}
 27348 | Swamp:4  | Reached skill level 15 in Armour
 27446 | Swamp:4  | Reached skill level 16 in Fighting
 27619 | Swamp:4  | Reached XP level 18. HP: 81/151 MP: 21/21
 27827 | Swamp:4  | Got a decaying rune of Zot
 28183 | Spider:1 | Entered Level 1 of the Spider Nest
 29540 | Spider:1 | Noticed Frances
 30237 | Spider:2 | Reached skill level 5 in Spellcasting
 30397 | Spider:2 | Reached skill level 5 in Fire Magic
 30896 | Spider:2 | Reached skill level 17 in Fighting
 31645 | Spider:3 | Reached XP level 19. HP: 142/161 MP: 26/26
 32417 | Spider:4 | Entered Level 4 of the Spider Nest
 33039 | Spider:4 | Noticed Arachne
 33072 | Spider:4 | Killed Arachne
 33552 | Spider:4 | Noticed Asterion
 33577 | Spider:4 | Killed Asterion
 33777 | Spider:4 | Reached skill level 18 in Fighting
 33827 | Spider:4 | Learned a level 1 spell: Foxfire
 33863 | Spider:4 | Reached skill level 1 in Conjurations
 33970 | Spider:4 | Identified the +1 pair of boots of the Wilderness {rC+}
 34258 | Spider:4 | Identified the +0 pair of gloves of Hedonism {Str+5}
 34596 | Spider:4 | Got a gossamer rune of Zot
 35003 | Depths:1 | Entered Level 1 of the Depths
 35373 | Depths:1 | Found a gateway to Hell.
 35511 | Depths:1 | Reached XP level 20. HP: 166/172 MP: 27/27
 35982 | Depths:1 | Reached skill level 5 in Conjurations
 36148 | Depths:1 | Identified the +6 quarterstaff "Etavoata" {flame, rPois rN+
                  | Int-4}
 36339 | Depths:1 | Found the +8 Wrath of Trog {antimagic, *Rage Rampage}
 36690 | Depths:1 | Reached skill level 19 in Fighting
 36958 | Depths:1 | Found a glowing silver altar of Zin.
 37438 | Depths:2 | Identified the +5 rapier "Mapticri" {venom, Contam rC+
                  | Int+4}
 37442 | Depths:2 | Found a shadowy altar of Dithmenos.
 37479 | Depths:2 | Reached skill level 10 in Fire Magic
 37612 | Depths:2 | Gained mutation: You are dopey. (Int -2) [a neqoxec]
 37918 | Depths:2 | Found a one-way gate leading to the halls of Pandemonium.
 38449 | Depths:2 | Identified the +8 war axe "Coenk" {flame, rPois rCorr
                  | Dex-5}
 39037 | Depths:3 | Noticed a walking crystal tome
 39404 | Depths:3 | Learned a level 4 spell: Flame Wave
 39481 | Depths:3 | Reached XP level 21. HP: 155/182 MP: 29/29
 39645 | Depths:2 | Reached skill level 20 in Fighting
 39842 | Depths:3 | Identified the amulet of Zeugh {Regen+ Slay+3}
 40289 | Depths:3 | Found a one-way gateway to a ziggurat.
 40488 | Depths:3 | Found a runed translucent door.
 40585 | Depths:3 | Found a runed translucent door.
 40591 | Depths:3 | Found a runed translucent door.
 40743 | Depths:3 | Reached skill level 10 in Conjurations
 40787 | Depths:3 | Identified the amulet of Lixoeg {Faith Rampage}
 40795 | Depths:3 | Identified the ring "Yherch" {rF+ rN+ rCorr Int-5}
 40798 | Depths:3 | Identified the ring "Dennooj" {Fire *Slow rElec Dex+6}
 41001 | Depths:3 | Found a one-way gate to the infinite horrors of the Abyss.
 41042 | Depths:4 | Entered Level 4 of the Depths
 41278 | Depths:4 | Noticed a golden dragon
 41828 | Depths:4 | Killed a golden dragon
 41880 | Depths:4 | Found a gate to the Realm of Zot.
 41966 | Depths:3 | Voluntarily entered the Abyss.
 42084 | Abyss:1  | Found a corrupted altar of Lugonu.
 42099 | Abyss:1  | Gained mutation: Your body sometimes deteriorates upon
                  | taking damage. [a neqoxec]
 42129 | Abyss:1  | Found a corrupted altar of Lugonu.
 42165 | Abyss:1  | Found a corrupted altar of Lugonu.
 42542 | Abyss:2  | Reached XP level 22. HP: 122/172 MP: 26/26
 42755 | Abyss:3  | Noticed a bone dragon
 42784 | Abyss:3  | Killed a bone dragon
 42835 | Abyss:3  | Reached skill level 21 in Fighting
 43106 | Abyss:3  | Paralysed by accursed screaming for 1 turns
 43137 | Abyss:4  | Found a corrupted altar of Lugonu.
 43231 | Depths:3 | Escaped the Abyss
 43239 | Depths:3 | Lost mutation: You are dopey. (Int -2) [potion of mutation]
 43239 | Depths:3 | Lost mutation: Your body sometimes deteriorates upon taking
                  | damage. [potion of mutation]
 43239 | Depths:3 | Gained mutation: You passively map a small area around you.
                  | [potion of mutation]
 43239 | Depths:3 | Gained mutation: You have a somewhat thin skeletal
                  | structure. (Dex +2, Stealth+) [potion of mutation]
 43385 | Vaults:1 | Entered Level 1 of the Vaults
 43505 | Vaults:1 | Paralysed by a sphinx for 2 turns
 44029 | Vaults:1 | Upgraded the game from 0.30-a0-802-gb92711bcdf to
                  | 0.30-a0-808-g6e0788376e
 44061 | Vaults:1 | Reached skill level 22 in Fighting
 44101 | Vaults:1 | Acquired 772 gold pieces
 44649 | Vaults:1 | Found Yffarur's Armour Emporium.
 45676 | Vaults:2 | Learned a level 2 spell: Blink
 45947 | Vaults:2 | Found a staircase to the Crypt.
 45982 | Abyss:4  | Cast into level 4 of the Abyss (a wizard)
 46095 | Abyss:4  | Reached XP level 23. HP: 203/203 MP: 34/34
 46136 | Abyss:4  | Found an iron altar of Okawaru.
 46185 | Abyss:4  | Found a corrupted altar of Lugonu.
 46186 | Abyss:4  | Found a corrupted altar of Lugonu.
 46203 | Abyss:4  | Gained mutation: Your magical capacity is low. (-10% MP) [a
                  | neqoxec]
 46229 | Abyss:4  | Noticed a juggernaut
 46261 | Abyss:4  | Killed a juggernaut
 46276 | Abyss:4  | Found a glowing golden altar of the Shining One.
 46341 | Abyss:4  | Got an abyssal rune of Zot
 46526 | Vaults:2 | Escaped the Abyss
 46942 | Vaults:2 | Identified the ring of Due Proportion {Wiz rF+ Will+ Int+2
                  | Stlth+}
 46983 | Vaults:2 | Noticed Bai Suzhen
 47017 | Vaults:2 | Killed Bai Suzhen
 47723 | Vaults:3 | Learned a level 5 spell: Fireball
 47814 | Vaults:3 | Noticed Aizul
 47834 | Vaults:3 | Killed Aizul
 48111 | Vaults:3 | Paralysed by a great orb of eyes for 2 turns
 48557 | Vaults:3 | Noticed Mennas
 48767 | Vaults:4 | Identified the +1 robe of Melancholy {+Inv}
 48789 | Vaults:4 | Found a radiant altar of Vehumet.
 48923 | Vaults:4 | Reached XP level 24. HP: 200/213 MP: 33/33
 49242 | Vaults:4 | Reached skill level 23 in Fighting
 49353 | Vaults:4 | Reached skill level 10 in Spellcasting
 49634 | Vaults:4 | Paralysed by a sphinx for 2 turns
 49758 | Vaults:4 | Noticed Boris
 49814 | Vaults:4 | Killed Boris
 50562 | Zot:1    | Entered Level 1 of the Realm of Zot
 50870 | Zot:1    | Reached skill level 1 in Translocations
 50946 | Zot:1    | Found a transporter.
 50953 | Zot:1    | Noticed a golden dragon
 50975 | Zot:1    | Killed a golden dragon
 50983 | Zot:1    | Noticed STHMFLV's ghost (veteran DsCj)
 51186 | Zot:1    | Found a transporter.
 51213 | Zot:1    | Noticed a Killer Klown
 51291 | Zot:1    | Noticed a Killer Klown
 51887 | Zot:1    | Noticed a dread lich
 52088 | D:12     | Bought 2 potions of haste for 680 gold pieces
 52088 | D:12     | Bought a potion of mutation for 272 gold pieces
 52230 | Orc:2    | Bought a potion of mutation for 112 gold pieces
 52230 | Orc:2    | Bought a potion of mutation for 112 gold pieces
 52402 | D:1      | Bought a potion of curing for 36 gold pieces
 52402 | D:1      | Bought a potion of heal wounds for 60 gold pieces
 52402 | D:1      | Bought a potion of might for 48 gold pieces
 52402 | D:1      | Bought a potion of curing for 36 gold pieces
 52402 | D:1      | Bought a potion of curing for 36 gold pieces
 52402 | D:1      | Bought a potion of heal wounds for 60 gold pieces
 52402 | D:1      | Bought a potion of curing for 36 gold pieces
 52412 | D:1      | Bought a scroll of teleportation for 42 gold pieces
 52412 | D:1      | Bought a potion of curing for 42 gold pieces
 52412 | D:1      | Bought a scroll of teleportation for 42 gold pieces
 52412 | D:1      | Bought a potion of curing for 42 gold pieces
 52758 | Zot:2    | Noticed a golden dragon
 53090 | Zot:3    | Noticed a golden dragon
 53396 | Zot:3    | Reached XP level 25. HP: 189/221 MP: 33/33
 54716 | Zot:4    | Noticed a curse toe
 54728 | Zot:4    | Killed a curse toe
 55029 | Zot:4    | Reached skill level 5 in Translocations
 55456 | Zot:4    | Noticed a Killer Klown
 55488 | Zot:4    | Killed a Killer Klown
 56180 | Zot:5    | Entered Level 5 of the Realm of Zot
 56592 | Zot:5    | Identified the +10 glaive "Seretaekk" {heavy, Str+4}
 56599 | Zot:5    | Noticed an ancient lich
 56600 | Zot:5    | Noticed a Killer Klown
 56615 | Zot:5    | Killed an ancient lich
 56636 | Zot:5    | Noticed an orb of fire
 56644 | Zot:5    | Gained mutation: You are clumsy. (Dex -2) [an orb of fire]
 56652 | Zot:5    | Gained mutation: You are very clumsy. (Dex -4) [an orb of
                  | fire]
 56684 | Zot:5    | Noticed a Killer Klown
 56685 | Zot:5    | Noticed an ancient lich
 56694 | Zot:5    | Noticed a Killer Klown
 56694 | Zot:5    | Noticed a Killer Klown
 56697 | Zot:5    | HP: 6/215 [red draconian/searing blast (7)]
 56700 | Zot:5    | Noticed a Killer Klown
 56714 | Zot:5    | HP: 2/215 [Killer Klown/klown pie (23)]
 56714 | Zot:5    | Killed from afar by a storm dragon

Illustrated notes

Levels and vault maps discovered:
D:1:      dpeg_arrival_rooms_c, layout_basic, serial_shops, shop,
          nicolae_shop_crystal, nicolae_shop_crystal, shop
D:2:      layout_rooms
D:3:      layout_basic, corexii_hall_statues_s, nicolae_eternal_life
D:4:      layout_loops_ring, portal_sewer_entry_e
D:5:      layout_basic, evilmike_ruin_ashenzari, uniq_edmund
D:6:      layout_gridville, mainiacjoe_overflow_24_doors,
          lemuel_temple_firewalk_b
D:7:      layout_rooms, nemelex_xobeh_ov_fountains_minmay
D:8:      hangedman_cross_stitches, layout_rooms, kennysheep_dice
D:9:      layout_gridville, lair_entry_dummy, david_orc_2, uniq_erica
D:10:     layout_cave_pools, uniq_harold
D:11:     layout_long_grid, uniq_maurice, uniq_josephine, uniq_psyche
D:12:     layout_loops_cross, nicolae_take_the_stairs, uniq_urug
D:13:     layout_basic, david_vaults_3, ebering_ghost_funeral_grove,
          glass_columns_a, minmay_statue_bubble
D:14:     layout_roguey, doesnt_xom_only_xom, uniq_jorgrun
D:15:     grunt_enter_depths_snipers, layout_stronghold
Lair:1:   layout_hall_layers, basic_altar, minmay_holes
Lair:2:   layout_regular_city, swamp_mist, spider_nest_entry_funnel_web,
          gammafunk_ghost_necromancy, ice2_lemuel, infiniplex_staircase_pool,
          lemuel_fruit_tree
Lair:3:   layout_roguey [special_room_bee], infiniplex_staircase_pool_2
Lair:4:   layout_small_grid, nicolae_slime_entry_field_trip,
          gauntlet_entry_generic
Lair:5:   hangedman_lair_caniforms_friends, layout_gridlike,
          guppyfry_lair_end_dragon, special_room [special_room_mythical_zoo],
          grunt_forest_large_clearings
Swamp:1:  layout_falls_marsh, evilmike_swamp_ruin_house_1, uniq_donald
Swamp:2:  layout_basic_swamp, nicolae_swamp_rocky_clearing, swamp_pool2
Swamp:3:  layout_basic_swamp, ebering_ghost_xom, evilmike_swamp_ruin_house_6,
          hangedman_swamp_wriggling
Swamp:4:  swamp, layout_basic_swamp, swamp_pool1,
          nicolae_swamp_feature_on_the_river_bank
Spider:1: layout_chambers, nicolae_spider_solar_radiation, uniq_frances
Spider:2: layout_spider_delve, special_room, drop_trap,
          nicolae_spider_stair_cavern
Spider:3: layout_spider_delve
Spider:4: guppyfry_spider_rune, uniq_arachne, uniq_asterion
Orc:1:    layout_caves
Orc:2:    grunt_orc_cross, layout_diamond_mine, ebering_ghost_xom
Vaults:1: v_misc_19, ontoclasm_vaults_ligature, v_misc_2,
          hangedman_vaults_nodes, hangedman_vaults_restitches,
          nicolae_vaults_sealed_display, v_misc_11, layout_vaults_chaotic_city,
          serial_shops, shop_statue
Vaults:2: st_squares, v_misc_22, vaults_dpeg_hooks,
          nicolae_vaults_bisected_exclaves, grunt_vaults_funnel,
          layout_vaults_quadrants, dummy_crypt_entry, uniq_bai_suzhen
Vaults:3: st_cross, grunt_vaults_twisty, nicolae_vaults_hallways_thing,
          v_misc_5, vaults_room_grunt_arrival_ludios, ontoclasm_vaults_gateway,
          vaults_room_door_ring, vaults_room_semicircle,
          vaults_dpeg_emergency_exit, v_misc_26, hangedman_vaults_cutoff,
          vaults_room_fancy_cross, grunt_vaults_hallway_short,
          layout_vaults_maze_bifur, uniq_mennas, uniq_aizul
Vaults:4: nicolae_vaults_shelves_hall, v_rooms_5,
          nicolae_vaults_stairing_the_circle, vaults_room_door_hall,
          grunt_vaults_diagonal, grunt_tower_of_power, grunt_vaults_focal,
          v_misc_22, layout_vaults_omnicross, uniq_boris
Depths:1: layout_cave_shapes, zin_angel, hell_entry,
          minmay_guarded_unrand_wrath_of_trog
Depths:2: grated_community_mu [grated_community_mu_vampire_home,
          grated_community_mu_giant_home, grated_community_mu_spellcaster_home,
          grated_community_mu_orcish_home, grated_community_mu_troll_home,
          grated_community_mu_taur_home, grated_community_mu_unbuilt_plot],
          layout_gridlike, nicolae_dithmenos_the_darkroom,
          grunt_pan_entry_in_and_out, hell_entry
Depths:3: minmay_the_grid_triangle_9x9_rhombus_full_mashed
          [minmay_the_grid_triangle_9x9_subtriangle,
          minmay_the_grid_triangle_9x9_corrupted_corridor,
          minmay_the_grid_triangle_9x9_empty,
          minmay_the_grid_triangle_9x9_alien,
          minmay_the_grid_triangle_9x9_descending_squares,
          minmay_the_grid_triangle_9x9_tough_junction,
          minmay_the_grid_triangle_9x9_zippers_vertical,
          minmay_the_grid_triangle_9x9_prize_special], layout_twisted_cross,
          enter_ziggurat_a, minmay_room_of_horrors, infiniplex_staircase_river,
          hell_entry
Depths:4: evilmike_zot_entry_argh, layout_basic, hell_entry,
          hangedman_decor_opposing
Zot:1:    layout_twisted_circle, gammafunk_ghost_abyssal_escape, st_stairs_6
Zot:2:    layout_basic, basic_altar, grunt_megastairs_1, lemuel_elevator
Zot:3:    layout_basic, lemuel_golem_globe
Zot:4:    kennysheep_blocky_hall, layout_cathedral_of_symmetry, st_stairs_3
Zot:5:    layout_misc_corridors

Skill      XL: |  1  2  3  4  5  6  7  8  9 10 11 12 13 14 15 16 17 18 19 20 21 22 23 24 25 |
---------------+----------------------------------------------------------------------------+-----
Polearms       | 4 5 10 11 12 13 14 | 14.0
Shields        | 1 8 9 10 11 13 14 15 16 17 18 | 18.0
Fighting       | 4 5 6 7 8 10 11 12 14 16 17 18 19 20 22 23 | 23.9
Armour         | 2 4 6 9 10 11 13 15 | 15.0
Evocations     | 3 5 7 9 10 11 12 | 12.0
Spellcasting   | 2 5 7 9 10 | 10.0
Fire Magic     | 6 8 10 11 12 13 14 | 14.7
Conjurations   | 4 8 10 12 13 14 | 14.6
Translocations | 3 5 |  5.7

Action                     |  1- 3 |  4- 6 |  7- 9 | 10-12 | 13-15 | 16-18 | 19-21 | 22-24 | 25-27 || total
---------------------------+-------+-------+-------+-------+-------+-------+-------+-------+-------++-------
  Melee: Spear             |   150 |    94 |   305 |       |       |       |       |       |       ||   549
         Punch             |       |     1 |       |       |       |       |       |       |       ||     1
         Trident           |       |       |    89 |   588 |  1620 |  1945 |   346 |       |       ||  4588
         Demon trident     |       |       |       |       |       |       |  1535 |  2215 |   604 ||  4354
         Unarmed           |       |       |       |       |       |       |    25 |       |       ||    25
  Throw: Dart              |     4 |     6 |    38 |    51 |    29 |    14 |       |       |       ||   142
         Boomerang         |       |       |       |       |       |    24 |    52 |    20 |    18 ||   114
   Cast: Scorch            |     1 |       |       |       |       |       |       |       |       ||     1
         Flame Wave        |       |       |       |       |       |       |       |    15 |       ||    15
         Fireball          |       |       |       |       |       |       |       |     4 |       ||     4
         Blink             |       |       |       |       |       |       |       |       |     1 ||     1
  Evoke: Wand              |       |       |       |     2 |    10 |     4 |     2 |       |       ||    18
         Phial of floods   |       |       |       |       |     2 |       |       |       |     1 ||     3
         Tin of tremorston |       |       |       |       |       |       |       |     2 |     1 ||     3
    Use: Scroll            |     5 |     8 |     5 |    11 |     4 |     6 |     6 |    18 |    15 ||    78
         Potion            |       |     1 |     2 |     1 |     4 |     2 |     6 |    20 |    20 ||    56
   Stab: Distracted        |       |       |       |       |       |     1 |       |       |       ||     1
         Invisible         |       |       |       |       |       |       |       |       |     7 ||     7
 Armour: Robe              |    21 |       |       |       |       |       |       |       |       ||    21
         Ring mail         |    13 |    16 |    51 |       |       |       |       |       |       ||    80
         Chain mail        |       |       |       |   110 |   572 |   139 |       |       |       ||   821
         Crystal plate arm |       |       |       |       |       |   388 |   741 |  1287 |   347 ||  2763
         Plate armour      |       |       |       |       |       |    95 |       |       |       ||    95
         Skin              |       |       |       |       |       |       |     8 |       |       ||     8
  Dodge: Dodged            |    66 |    30 |    58 |    59 |   229 |   143 |   148 |   257 |    64 ||  1054
         Repelled          |       |       |       |     3 |       |       |       |       |       ||     3
  Block: Kite shield       |       |    23 |   173 |   294 |  1167 |  1497 |  1454 |  1672 |   407 ||  6687
         Reflection        |       |       |       |       |       |    47 |    21 |    50 |       ||   118

Table legend: (Time is in decaauts)
 A = Elapsed time spent in this place.
 B = Non-inter-level travel time spent in this place.
 C = Inter-level travel time spent in this place.
 D = Time resting spent in this place.
 E = Time spent auto-exploring this place.
 F = Levels seen in this place.
 G = Mean time per level.
                   A        B        C        D        E       F      G
               +--------+--------+--------+--------+--------+-----+--------+
         Total |  54170 |  48956 |   5214 |   8587 |  26868 |  50 | 1083.4 |
       Dungeon |  15073 |  12570 |   2503 |   1163 |   8560 |  15 | 1004.9 |
          Lair |   7430 |   6430 |   1000 |    635 |   3892 |   5 | 1486.0 |
         Swamp |   3787 |   3575 |    212 |    967 |   1685 |   4 |  946.8 |
   Spider Nest |   6283 |   6065 |    218 |   1450 |   3034 |   4 | 1570.8 |
  Orcish Mines |   2005 |   1830 |    175 |    395 |    940 |   2 | 1002.5 |
        Vaults |   5568 |   5253 |    315 |    310 |   3510 |   4 | 1392.0 |
        Depths |   6880 |   6242 |    638 |   2294 |   2287 |   4 | 1720.0 |
           Zot |   4911 |   4761 |    150 |   1019 |   2437 |   5 |  982.2 |
         Abyss |   1599 |   1599 |      0 |    294 |    271 |   5 |  319.8 |
         Sewer |    281 |    281 |      0 |     21 |    150 |   1 |  281.0 |
      Gauntlet |    349 |    349 |      0 |     36 |    101 |   1 |  349.0 |
               +--------+--------+--------+--------+--------+-----+--------+

Top non-repeatable levels by time:
Depths:2: 2561 daAuts
    D:15: 2020 daAuts
Depths:1: 1909 daAuts
   Zot:4: 1895 daAuts
Spider:4: 1828 daAuts
  Lair:2: 1824 daAuts
Spider:2: 1717 daAuts
Vaults:1: 1642 daAuts
  Lair:5: 1642 daAuts
Spider:1: 1554 daAuts
Vaults:4: 1548 daAuts
Vaults:2: 1509 daAuts
Depths:3: 1497 daAuts
  Lair:4: 1374 daAuts
     D:9: 1321 daAuts
